TOP OF THE 1ST |
St Charles Sheens batting - Pitching for Chicago Machine : RHP Teruo Sato
|
Pitching: RHP Teruo Sato
|
|
Batting: LHB Marcos Cantú
|
0-0: Called Strike 0-1: Ball 1-1: Ground out 6-3 (Groundball, 6)
|
Batting: LHB Jeff Carter
|
0-0: Ball 1-0: Called Strike 1-1: Foul Ball, location: 2F 1-2: Foul Ball, location: 2F 1-2: Ball 2-2: Ball 3-2: Foul Ball, location: 2F 3-2: SINGLE (Groundball, 23) (infield hit)
|
Batting: RHB Judson Backstrom
|
0-0: Ball 1-0: Called Strike 1-1: Called Strike 1-2: Foul Ball, location: 2F 1-2: Ground out 4-3 (Groundball, 13) Jeff Carter to second
|
Batting: LHB Gene Cooper
|
0-0: Ball 1-0: Called Strike 1-1: DOUBLE (Line Drive, 89D) Jeff Carter scores
|
Batting: RHB Daniel Robert
|
0-0: Called Strike 0-1: Ball 1-1: Called Strike 1-2: Fly out, F7 (Flyball, 78M)
|
Top of the 1st over - 1 run(s), 2 hit(s), 0 error(s), 1 left on base; St Charles 1 - Chicago 0 |
BOTTOM OF THE 1ST |
Chicago Machine batting - Pitching for St Charles Sheens : LHP Francisco Moreno
|
Pitching: LHP Francisco Moreno
|
|
Batting: RHB Roberto Cardona
|
0-0: Called Strike 0-1: Ground out 6-3 (Groundball, 6)
|
Batting: RHB Derek Ramsey
|
0-0: Foul Ball, location: 2F 0-1: Ball 1-1: Foul Ball, location: 2F 1-2: DOUBLE (Line Drive, 7LD)
|
Batting: LHB José Antonio Santiago
|
0-0: Ball 1-0: Foul Ball, location: 2F 1-1: Swinging Strike 1-2: Strikes out swinging
|
Batting: LHB Eric Wheeler
|
0-0: Ball 1-0: DOUBLE (Line Drive, 3) Derek Ramsey scores
|
Batting: RHB Edward Young
|
0-0: Called Strike 0-1: Called Strike 0-2: Ball 1-2: Ball 2-2: Foul Ball, location: 2F 2-2: Foul Ball, location: 2F 2-2: Strikes out looking
|
Bottom of the 1st over - 1 run(s), 2 hit(s), 0 error(s), 1 left on base; St Charles 1 - Chicago 1 |
TOP OF THE 2ND |
St Charles Sheens batting - Pitching for Chicago Machine : RHP Teruo Sato
|
Batting: SHB Kyle MacGregor
|
0-0: DOUBLE (Line Drive, 78M)
|
Batting: RHB Júlio Hernández
|
0-0: Ball 1-0: Foul Ball, location: 2F 1-1: Ground out 5-3 (Groundball, 56)
|
Batting: LHB Katsumi Morishita
|
0-0: Called Strike 0-1: Fly out, F7 (Flyball, 7S)
|
Batting: SHB Richard Bowman
|
0-0: Ball 1-0: Ball 2-0: Ball 3-0: Called Strike 3-1: Base on Balls
|
Batting: LHB Marcos Cantú
|
0-0: Ground out 1-3 (Groundball, 13)
|
Top of the 2nd over - 0 run(s), 1 hit(s), 0 error(s), 2 left on base; St Charles 1 - Chicago 1 |
BOTTOM OF THE 2ND |
Chicago Machine batting - Pitching for St Charles Sheens : LHP Francisco Moreno
|
Batting: SHB Joaquín López
|
0-0: Ball 1-0: Ball 2-0: Ball 3-0: Base on Balls
|
Batting: RHB Fabrice Brodeur
|
0-0: Ball 1-0: Called Strike 1-1: Ball 2-1: Ball 3-1: Base on Balls Joaquín López to second
|
Batting: RHB Rick Ayliffe
|
0-0: Ball 1-0: Reached on Error, E9 (Flyball, 9M) Joaquín López to third Fabrice Brodeur to second
|
Batting: SHB Tony McLaughlin
|
0-0: Foul Ball, location: 2F 0-1: Ball 1-1: Ball 2-1: Grounds into fielders choice 1-2 (Groundball, 3S) Fabrice Brodeur to third Rick Ayliffe to second
|
Batting: RHB Roberto Cardona
|
0-0: Ball 1-0: Foul Ball, location: 2F 1-1: Fly out, F8 (Flyball, 8RS)
|
Batting: RHB Derek Ramsey
|
0-0: Ball 1-0: Ball 2-0: Foul Ball, location: 2F 2-1: Called Strike 2-2: Foul Ball, location: 2F 2-2: Ball 3-2: Ground out 3-1 (Groundball, 34)
|
Bottom of the 2nd over - 0 run(s), 0 hit(s), 1 error(s), 3 left on base; St Charles 1 - Chicago 1 |
TOP OF THE 3RD |
St Charles Sheens batting - Pitching for Chicago Machine : RHP Teruo Sato
|
Batting: LHB Jeff Carter
|
0-0: Called Strike 0-1: Foul Ball, location: 2F 0-2: Ball 1-2: Ball 2-2: Ball 3-2: SINGLE (Flyball, 8LS)
|
Batting: RHB Judson Backstrom
|
0-0: Called Strike 0-1: Ball 1-1: Ground out 3-1 (Groundball, 34S) Jeff Carter to second
|
Batting: LHB Gene Cooper
|
0-0: Ball 1-0: Called Strike 1-1: Reached on error, E4 (Groundball, 34) Jeff Carter to third
|
Batting: RHB Daniel Robert
|
0-0: Called Strike 0-1: Ball 1-1: Swinging Strike 1-2: Strikes out looking
|
Batting: SHB Kyle MacGregor
|
0-0: Ball 1-0: Ball 2-0: Called Strike 2-1: SINGLE (Groundball, 34) Jeff Carter scores Gene Cooper to second Runner from 2nd tries for 3rd, SAFE, no throw or cutoff
|
Batting: RHB Júlio Hernández
|
0-0: Ball 1-0: SINGLE (Groundball, 56D) Gene Cooper scores Kyle MacGregor to second
|
Batting: LHB Katsumi Morishita
|
0-0: Ball 1-0: Fly out, F9 (Flyball, 9M)
|
Top of the 3rd over - 2 run(s), 3 hit(s), 1 error(s), 2 left on base; St Charles 3 - Chicago 1 |
BOTTOM OF THE 3RD |
Chicago Machine batting - Pitching for St Charles Sheens : LHP Francisco Moreno
|
Batting: LHB José Antonio Santiago
|
0-0: Ball 1-0: SINGLE (Line Drive, 8RS)
|
Batting: LHB Eric Wheeler
|
0-0: Ball 1-0: SINGLE (Groundball, 34D) José Antonio Santiago to second Runner from 2nd tries for 3rd, SAFE, no throw or cutoff
|
Batting: RHB Edward Young
|
0-0: Ball 1-0: Ball 2-0: Ball Wild Pitch! José Antonio Santiago scores Eric Wheeler to second 3-0: Ground out 6-3 (Groundball, 6)
|
Batting: SHB Joaquín López
|
0-0: Ball 1-0: Ball 2-0: Ball 3-0: Called Strike 3-1: Foul Ball, location: 2F 3-2: Base on Balls
|
Batting: RHB Fabrice Brodeur
|
0-0: Ball 1-0: Called Strike 1-1: Called Strike 1-2: Fielders Choice at 2nd, 1-6 (Groundball, 15) Eric Wheeler to third
|
Batting: RHB Rick Ayliffe
|
0-0: Ball 1-0: Foul Ball, location: 2F 1-1: Foul Ball, location: 2F 1-2: Foul Ball, location: 2F 1-2: Fielders Choice at 2nd, U6 (Groundball, 6M)
|
Bottom of the 3rd over - 1 run(s), 2 hit(s), 0 error(s), 2 left on base; St Charles 3 - Chicago 2 |
TOP OF THE 4TH |
St Charles Sheens batting - Pitching for Chicago Machine : RHP Teruo Sato
|
Batting: SHB Richard Bowman
|
0-0: Called Strike 0-1: Ground out U3 (Groundball, 3)
|
Batting: LHB Marcos Cantú
|
0-0: Ball 1-0: Swinging Strike 1-1: Ball 2-1: Ball 3-1: Base on Balls
|
Batting: LHB Jeff Carter
|
0-0: Called Strike 0-1: Ball 1-1: Swinging Strike 1-2: Ball 2-2: Foul Ball, location: 2F 2-2: Ball 3-2: SINGLE (Groundball, 6MD) Marcos Cantú to second Runner from 2nd tries for 3rd, SAFE, no throw or cutoff
|
Batting: RHB Judson Backstrom
|
0-0: Fly out, F8 (Flyball, 8RM) Runner from 3rd tags up, SCORES, no throw
|
Batting: LHB Gene Cooper
|
0-0: Called Strike 0-1: Ball 1-1: Ball 2-1: Called Strike 2-2: Ball 3-2: Foul Ball, location: 2F 3-2: SINGLE (Groundball, 4) Jeff Carter to second Jeff Carter to third
|
Batting: RHB Daniel Robert
|
0-0: Foul Ball, location: 2F 0-1: Ball 1-1: Ground out 4-3 (Groundball, 13)
|
Top of the 4th over - 1 run(s), 2 hit(s), 0 error(s), 2 left on base; St Charles 4 - Chicago 2 |
BOTTOM OF THE 4TH |
Chicago Machine batting - Pitching for St Charles Sheens : LHP Francisco Moreno
|
Batting: SHB Tony McLaughlin
|
0-0: Called Strike 0-1: Ball 1-1: Ball 2-1: Called Strike 2-2: Ball 3-2: Foul Ball, location: 2F 3-2: Foul Ball, location: 2F 3-2: Foul Ball, location: 2F 3-2: Ground out 5-3 (Groundball, 56S)
|
Batting: RHB Roberto Cardona
|
0-0: Called Strike 0-1: Ball 1-1: Foul Ball, location: 2F 1-2: Ball 2-2: Strikes out swinging
|
Batting: RHB Derek Ramsey
|
0-0: Ball 1-0: Ball 2-0: Foul Ball, location: 2F 2-1: Ground out 6-3 (Groundball, 6)
|
Bottom of the 4th over - 0 run(s), 0 hit(s), 0 error(s), 0 left on base; St Charles 4 - Chicago 2 |
TOP OF THE 5TH |
St Charles Sheens batting - Pitching for Chicago Machine : RHP Teruo Sato
|
Pitching: RHP César Menéndez
|
|
Batting: SHB Kyle MacGregor
|
0-0: Ball 1-0: Foul Ball, location: 2F 1-1: Ball 2-1: Foul Ball, location: 2F 2-2: Ball 3-2: Foul Ball, location: 2F 3-2: Ground out 1-3 (Groundball, 25)
|
Batting: RHB Júlio Hernández
|
0-0: Ball 1-0: Foul Ball, location: 2F 1-1: Foul Ball, location: 2F 1-2: Strikes out swinging
|
Batting: LHB Katsumi Morishita
|
0-0: Ball 1-0: Ball 2-0: Ball 3-0: Called Strike 3-1: Ground out 4-3 (Groundball, 4M)
|
Top of the 5th over - 0 run(s), 0 hit(s), 0 error(s), 0 left on base; St Charles 4 - Chicago 2 |
BOTTOM OF THE 5TH |
Chicago Machine batting - Pitching for St Charles Sheens : LHP Francisco Moreno
|
Pitching: RHP Toshikasu Kiyomizu
|
|
Batting: LHB José Antonio Santiago
|
0-0: Foul Ball, location: 2F 0-1: Ball 1-1: Ball 2-1: Called Strike 2-2: Fly out, F8 (Flyball, 8RD)
|
Batting: LHB Eric Wheeler
|
0-0: Called Strike 0-1: Ball 1-1: Called Strike 1-2: Strikes out looking
|
Batting: RHB Edward Young
|
0-0: Ball 1-0: SINGLE (Groundball, 56D)
|
Batting: SHB Joaquín López
|
0-0: Ball 1-0: Called Strike 1-1: Fly out, F6 (Popup, 6D)
|
Bottom of the 5th over - 0 run(s), 1 hit(s), 0 error(s), 1 left on base; St Charles 4 - Chicago 2 |
TOP OF THE 6TH |
St Charles Sheens batting - Pitching for Chicago Machine : RHP César Menéndez
|
Batting: SHB Richard Bowman
|
0-0: Called Strike 0-1: SINGLE (Groundball, 4M)
|
Batting: LHB Marcos Cantú
|
0-0: Called Strike 0-1: Ball 1-1: Ball 2-1: Called Strike 2-2: Ball 3-2: Foul Ball, location: 2F 3-2: Foul Ball, location: 2F 3-2: Foul Ball, location: 2F 3-2: Base on Balls Richard Bowman to second
|
Pinch Hitting: LHB Bob Ware
|
0-0: Called Strike 0-1: Ball 1-1: SINGLE (Line Drive, 34D) Richard Bowman to third Marcos Cantú to second
|
Batting: RHB Judson Backstrom
|
0-0: Called Strike 0-1: Fly out, F6 (Popup, 6D)
|
Pinch Hitting: RHB Howard Lane
|
0-0: Called Strike 0-1: Ball 1-1: Swinging Strike 1-2: Ball 2-2: Ball 3-2: Foul Ball, location: 2F 3-2: Fly out, F7 (Flyball, 78M) Runner from 3rd tags up, SCORES, throw made
|
Pitching: LHP Austin Wall
|
|
Pinch Hitting: RHB Dan Tyler
|
0-0: Foul Ball, location: 2F 0-1: Ball 1-1: Called Strike 1-2: Ball 2-2: Ball 3-2: Base on Balls Marcos Cantú to third Bob Ware to second
|
Pinch Hitting: RHB Salvador Medine
|
0-0: Fly out, F8 (Popup, 8RS)
|
Top of the 6th over - 1 run(s), 2 hit(s), 0 error(s), 3 left on base; St Charles 5 - Chicago 2 |
TOP OF THE 7TH |
St Charles Sheens batting - Pitching for Chicago Machine : LHP Austin Wall
|
Batting: RHB Júlio Hernández
|
0-0: Foul Ball, location: 2F 0-1: Ball 1-1: Ball 2-1: Ball 3-1: Base on Balls
|
Batting: LHB Katsumi Morishita
|
0-0: Ball 1-0: Ball 2-0: Sac Bunt - play at first, batter OUT! 2-4 Júlio Hernández to second
|
Pinch Hitting: RHB Alfredo Rivera
|
0-0: Intentional Walk
|
Batting: LHB Marcos Cantú
|
0-0: Called Strike 0-1: Swinging Strike 0-2: Fly out, F7 (Flyball, 7M)
|
Batting: LHB Bob Ware
|
0-0: Ball 1-0: SINGLE (Line Drive, 7LS) Júlio Hernández to third Alfredo Rivera to second
|
Batting: RHB Judson Backstrom
|
0-0: Ball 1-0: SINGLE (Line Drive, 4D) Júlio Hernández scores Alfredo Rivera to third Bob Ware to second Runner from 3rd tries for Home, SAFE, throw made home
|
Batting: RHB Howard Lane
|
0-0: Called Strike 0-1: Swinging Strike 0-2: Foul Ball, location: 2F 0-2: Ball 1-2: Ball 2-2: Hit by Pitch Bob Ware to third Judson Backstrom to second
|
Pitching: RHP José García
|
|
Batting: RHB Dan Tyler
|
0-0: Called Strike 0-1: Fly out, F8 (Flyball, 8RXD)
|
Top of the 7th over - 2 run(s), 2 hit(s), 0 error(s), 3 left on base; St Charles 7 - Chicago 2 |
BOTTOM OF THE 7TH |
Chicago Machine batting - Pitching for St Charles Sheens : RHP Toshikasu Kiyomizu
|
Pitching: RHP Jeff Lynn
|
|
Now at 2B: Kel Pierce
|
|
Pinch Hitting: LHB Francisco Vega
|
0-0: Foul Ball, location: 2F 0-1: Ball 1-1: Ball 2-1: Foul Ball, location: 2F 2-2: Strikes out looking
|
Pinch Hitting: LHB Luis Espinoza
|
0-0: Ball 1-0: Called Strike 1-1: Ball 2-1: Fly out, F8 (Flyball, 78D)
|
Pinch Hitting: RHB Arturo García
|
0-0: Ball 1-0: Ground out 6-3 (Groundball, 4M)
|
Bottom of the 7th over - 0 run(s), 0 hit(s), 0 error(s), 0 left on base; St Charles 7 - Chicago 2 |
TOP OF THE 8TH |
St Charles Sheens batting - Pitching for Chicago Machine : RHP José García
|
Now in LF: Luis Espinoza
|
|
Now in CF: Arturo García
|
|
Now in RF: Francisco Vega
|
|
Batting: RHB Salvador Medine
|
0-0: Ball 1-0: Foul Ball, location: 2F 1-1: Fly out, F7 (Line Drive, 7S)
|
Batting: RHB Júlio Hernández
|
0-0: Fly out, F8 (Line Drive, 8LXD)
|
Batting: LHB Katsumi Morishita
|
0-0: Ball 1-0: Ball 2-0: Called Strike 2-1: Ground out 5-3 (Groundball, 56S)
|
Top of the 8th over - 0 run(s), 0 hit(s), 0 error(s), 0 left on base; St Charles 7 - Chicago 2 |
BOTTOM OF THE 8TH |
Chicago Machine batting - Pitching for St Charles Sheens : RHP Jeff Lynn
|
Batting: LHB Bob Smith
|
0-0: Foul Ball, location: 2F 0-1: Foul Ball, location: 2F 0-2: Ball 1-2: Foul Ball, location: 2F 1-2: Ball 2-2: Ball 3-2: Base on Balls
|
Pinch Hitting: LHB Domingo Flores
|
0-0: Called Strike 0-1: Ground out U3 (Groundball, 3S) Bob Smith to second
|
Batting: SHB Joaquín López
|
0-0: Called Strike 0-1: Ball Wild Pitch! Bob Smith to third 1-1: Ball 2-1: Ball 3-1: Foul Ball, location: 2F 3-2: SINGLE (Groundball, 56D) (infield hit) Bob Smith scores
|
Batting: RHB Fabrice Brodeur
|
0-0: Called Strike 0-1: Ball 1-1: Foul Ball, location: 2F 1-2: Ball 2-2: Strikes out looking
|
Batting: RHB Rick Ayliffe
|
0-0: Ball 1-0: Ground out 6-3 (Groundball, 6)
|
Bottom of the 8th over - 1 run(s), 1 hit(s), 0 error(s), 1 left on base; St Charles 7 - Chicago 3 |
TOP OF THE 9TH |
St Charles Sheens batting - Pitching for Chicago Machine : RHP José García
|
Now at 1B: Domingo Flores
|
|
Batting: RHB Kel Pierce
|
0-0: Ball 1-0: Ball 2-0: Swinging Strike 2-1: Ground out 1-3 (Groundball, 15S)
|
Batting: LHB Marcos Cantú
|
0-0: Ball 1-0: Ball 2-0: Foul Ball, location: 2F 2-1: Ground out U3 (Groundball, 3)
|
Batting: LHB Bob Ware
|
0-0: Ball 1-0: Foul Ball, location: 2F 1-1: Ball 2-1: Fly out, F9 (Line Drive, 9M)
|
Top of the 9th over - 0 run(s), 0 hit(s), 0 error(s), 0 left on base; St Charles 7 - Chicago 3 |
BOTTOM OF THE 9TH |
Chicago Machine batting - Pitching for St Charles Sheens : RHP Jeff Lynn
|
Pitching: RHP Sang-joon Pak
|
|
Batting: SHB Tony McLaughlin
|
0-0: Called Strike 0-1: Foul Ball, location: 2F 0-2: Foul Ball, location: 2F 0-2: Fly out, F7 (Line Drive, 7D)
|
Batting: LHB Francisco Vega
|
0-0: Called Strike 0-1: Ball 1-1: Ball 2-1: Swinging Strike 2-2: Ball 3-2: Foul Ball, location: 2F 3-2: Foul Ball, location: 2F 3-2: Base on Balls
|
Batting: LHB Luis Espinoza
|
0-0: Foul Ball, location: 2F 0-1: Swinging Strike 0-2: Strikes out swinging
|
Batting: RHB Arturo García
|
0-0: Ground out 6-3 (Groundball, 6)
|
Bottom of the 9th over - 0 run(s), 0 hit(s), 0 error(s), 1 left on base; St Charles 7 - Chicago 3 |
|